 Dungeon Crawl Stone Soup version 0.22.0-38-g04b72b8c25 (webtiles) character file.

2661 IceCat the Insei (level 9, -15/68 HPs)
             Began as a Gnoll Transmuter on Aug 28, 2018.
             Was a Believer of Makhleb.
             Demolished by Gastronok (28 damage)
             ... on level 8 of the Dungeon.
             The game lasted 00:18:05 (6217 turns).

IceCat the Insei (Gnoll Transmuter)                 Turns: 6217, Time: 00:18:06

Health: -15/68     AC: 10    Str: 15    XL:     9   Next: 63%
Magic:  19/19      EV: 20    Int: 16    God:    Makhleb [**....]
Gold:   449        SH:  0    Dex: 16    Spells: 18/21 levels left

rFire    . . .     SeeInvis .     - Unarmed
rCold    . . .     Gourm    .   (no shield)
rNeg     . . .     Faith    .   v - +3 ring mail
rPois    .         Spirit   .   (no helmet)
rElec    .         Reflect  .   u - +0 cloak
rCorr    .         Harm     .   (no gloves)
MR       .....                  (no boots)
Stlth    ++........             (no amulet)
HPRegen  0.21/turn              n - +5 ring of evasion
MPRegen  0.16/turn              (no ring)

@: no status effects
A: distributed training, fangs 1, strong nose
a: Minor Destruction, Renounce Religion


You were on level 8 of the Dungeon.
You worshipped Makhleb.
Makhleb was pleased with you.
You were hungry.

You visited 1 branch of the dungeon, and saw 8 of its levels.

You collected 449 gold pieces.

Inventory:

Missiles
 a - 77 arrows
 p - 73 sling bullets
 q - 4 tomahawks (quivered)
 B - 3 throwing nets
Armour
 b - a +0 robe
 i - a +0 leather armour
 o - a +0 scale mail
 u - a +0 cloak (worn)
 v - a +3 ring mail (worn)
Jewellery
 n - a +5 ring of evasion (left hand)
Wands
 w - a wand of digging (17)
 A - a wand of disintegration (15)
 C - a wand of polymorph (16)
Scrolls
 c - 3 scrolls of immolation {unknown}
 e - 2 scrolls of fear {unknown}
 f - 4 scrolls of remove curse
 g - 10 scrolls of identify {unknown}
 j - 6 scrolls of teleportation {unknown}
 l - 4 scrolls of magic mapping {unknown}
 s - 3 scrolls of enchant weapon {unknown}
 y - 3 scrolls of noise {unknown}
 z - a scroll of amnesia {unknown}
Potions
 h - a potion of curing {unknown}
 k - a potion of cancellation {unknown}
 m - a potion of agility {unknown}
 r - a potion of lignification {unknown}
 t - a potion of berserk rage {unknown}
 x - 2 potions of flight {unknown}
 D - a potion of brilliance {unknown}
Comestibles
 d - 11 rations
 E - 6 chunks of flesh


   Skills:
 + Level 5.1 Fighting
 + Level 4.3 Short Blades
 + Level 4.3 Long Blades
 + Level 4.3 Axes
 + Level 4.3 Maces & Flails
 + Level 4.3 Polearms
 + Level 4.3 Staves
 + Level 4.3 Slings
 + Level 4.3 Bows
 + Level 4.3 Crossbows
 + Level 4.3 Throwing
 + Level 4.3 Armour
 + Level 6.4 Dodging
 + Level 4.3 Stealth
 + Level 4.3 Shields
 + Level 7.9 Unarmed Combat
 + Level 6.7 Spellcasting
 + Level 3.6 Conjurations
 + Level 3.6 Hexes
 + Level 3.6 Charms
 + Level 3.6 Summonings
 + Level 3.6 Necromancy
 + Level 3.6 Translocations
 + Level 5.3 Transmutations
 + Level 3.6 Fire Magic
 + Level 3.6 Ice Magic
 + Level 3.6 Air Magic
 + Level 3.6 Earth Magic
 + Level 3.6 Poison Magic
 + Level 4.8 Invocations
 + Level 4.3 Evocations


You had 18 spell levels left.
You knew the following spells:

 Your Spells              Type           Power        Failure   Level  Hunger
a - Beastly Appendage     Tmut           ###...       2%          1    None
b - Sticks to Snakes      Tmut           ###.....     4%          2    None

Your spell library contained the following spells:

 Spells                   Type           Power        Failure   Level  Hunger
 Animate Skeleton         Necr           N/A          5%          1    None
 Apportation              Tloc           ###...       5%          1    None
 Confusing Touch          Hex            ###...       5%          1    None
 Corona                   Hex            ###....      5%          1    None
 Summon Small Mammal      Summ           ###.         5%          1    None
 Slow                     Hex            ###.....     9%          2    None
 Spider Form              Tmut/Pois      ###.......   12%         3    ##.....
 Inner Flame              Hex/Fire       ###.....     16%         3    ##.....
 Portal Projectile        Hex/Tloc       ###...       16%         3    ##.....
 Ice Form                 Ice/Tmut       ###.....     36%         4    ####...
 Cause Fear               Hex            ###.......   47%         4    ####...
 Leda's Liquefaction      Hex/Erth       ###.......   47%         4    ####...
 Blade Hands              Tmut           ###.......   58%         5    #####..
 Yara's Violent Unravell  Hex/Tmut       ###.......   71%         5    #####..
 Silence                  Hex/Air        ###.......   83%         5    #####..
 Deflect Missiles         Chrm/Air       ###.......   100%        6    #######
 Discord                  Hex            ###.......   100%        8    #######


Dungeon Overview and Level Annotations

Branches:
Dungeon (8/15)             Temple (0/1) D:5
   Lair: D:8-11

Altars:
Ashenzari
Gozag
Hepliaklqana
Makhleb
Vehumet
Wu Jian
Xom
Yredelemnul

Shops:
D:7 (

Annotations:
D:3 1 runed door, Hanswurst's ghost, amateur HOWn
D:5 2 transporters
D:8 Gastronok


Innate Abilities, Weirdness & Mutations

Your experience applies equally to all skills.
You have very sharp teeth.
Your uncanny sense of smell can sniff out nearby items.


Message History

You barely miss the hound. The bat completely misses you.
The bat hits you but does no damage. The hound completely misses you.
You barely miss the hound. You punch the hound. Your bite misses the hound.
The hound is moderately wounded.
The bat misses you. The bat hits you but does no damage.
The hound bites you but does no damage.
You hit the hound but do no damage. You bite the hound, but do no damage.
The hound is moderately wounded.
The bat completely misses you. The hound barely misses you.
The bat closely misses you. The rat closely misses you.
Gastronok bites you but does no damage. The hound closely misses you.
You hit the hound.
The hound is heavily wounded.
The bat misses you. x2; The hound misses you.
The bat closely misses you. The bat completely misses you.
The rat closely misses you.
You miss the hound. You bite the hound, but do no damage.
The hound is moderately wounded.
The bat completely misses you. The bat barely misses you.
The bat closely misses you. The hound closely misses you. Gastronok bites you!!
You die...

#....# #.##.##..#
#.<#.# #.##.##..#
#..#.# #.##.##..#
##..#<# #.#..##..#
....#.###.#..##..#
##...........##..#
#..#.###.#..##..#
#.......)#..##.b#
##..#.....#..##w@#####
...............r.h...#
................b.####
.......##.#..##...#
###....)..........# #
#....##.#.......#
###....##.#..#....#
.............b....#
..................#


You could see Gastronok, a hound, 3 bats and a rat.

Vanquished Creatures
  6 ogres
  An orc warrior (D:7)
  A black bear (D:6)
  A phantom (D:6)
  A centaur (D:7)
  5 bullfrogs
  A gnoll sergeant (D:7)
  2 scorpions
  4 wights (D:6)
  3 howler monkeys
  4 crimson imps
  A centaur zombie (D:7)
  4 hounds
  3 orc priests
  A bullfrog zombie (D:7)
  A bullfrog skeleton (D:5)
  A centaur skeleton (D:4)
  4 worker ants
  2 iguanas
  5 orc wizards
  A hound zombie (D:6)
  A howler monkey zombie (D:5)
  5 gnolls (D:7)
  7 adders
  2 shadow imps
  4 adder zombies
  2 adder skeletons
  5 worms
  5 dart slugs
  2 leopard geckos
  24 orcs
  6 bats
  5 giant cockroaches
  6 goblins
  5 hobgoblins
  9 jackals
  A quokka (D:3)
  3 ball pythons
  4 frilled lizards
  A jackal zombie (D:6)
  6 kobolds
  A leopard gecko skeleton (D:4)
  A quokka zombie (D:6)
  6 rats
163 creatures vanquished.

Vanquished Creatures (others)
  2 orcs (D:7)
2 creatures vanquished.

Grand Total: 165 creatures vanquished

Notes
Turn   | Place    | Note
-------+----------+-------------------------------------------
     0 | D:1      | IceCat the Gnoll Transmuter began the quest for the Orb.
     0 | D:1      | Reached XP level 1. HP: 17/17 MP: 6/6
   149 | D:1      | Reached XP level 2. HP: 23/23 MP: 5/7
   494 | D:1      | Reached XP level 3. HP: 18/28 MP: 9/9
   631 | D:2      | Learned a level 2 spell: Sticks to Snakes
   740 | D:2      | Reached skill level 5 in Spellcasting
   787 | D:2      | Reached skill level 1 in Short Blades
   787 | D:2      | Reached skill level 1 in Long Blades
   787 | D:2      | Reached skill level 1 in Axes
   787 | D:2      | Reached skill level 1 in Maces & Flails
   787 | D:2      | Reached skill level 1 in Polearms
   787 | D:2      | Reached skill level 1 in Staves
   787 | D:2      | Reached skill level 1 in Slings
   787 | D:2      | Reached skill level 1 in Bows
   787 | D:2      | Reached skill level 1 in Crossbows
   787 | D:2      | Reached skill level 1 in Throwing
   787 | D:2      | Reached skill level 1 in Armour
   787 | D:2      | Reached skill level 1 in Stealth
   787 | D:2      | Reached skill level 1 in Shields
   787 | D:2      | Reached skill level 1 in Invocations
   787 | D:2      | Reached skill level 1 in Evocations
   787 | D:2      | Reached XP level 4. HP: 20/34 MP: 9/11
  1084 | D:2      | Reached skill level 1 in Conjurations
  1084 | D:2      | Reached skill level 1 in Hexes
  1084 | D:2      | Reached skill level 1 in Charms
  1084 | D:2      | Reached skill level 1 in Summonings
  1084 | D:2      | Reached skill level 1 in Necromancy
  1084 | D:2      | Reached skill level 1 in Translocations
  1084 | D:2      | Reached skill level 1 in Fire Magic
  1084 | D:2      | Reached skill level 1 in Ice Magic
  1084 | D:2      | Reached skill level 1 in Air Magic
  1084 | D:2      | Reached skill level 1 in Earth Magic
  1084 | D:2      | Reached skill level 1 in Poison Magic
  1084 | D:2      | Reached XP level 5. HP: 32/40 MP: 12/12
  1130 | D:2      | Found a faded altar of an unknown god.
  2066 | D:3      | Found a runed door.
  2073 | D:3      | Noticed Hanswurst's ghost (amateur HOWn)
  2221 | D:4      | Reached XP level 6. HP: 42/47 MP: 13/13
  2351 | D:4      | Reached skill level 5 in Dodging
  2528 | D:4      | Reached XP level 7. HP: 46/52 MP: 15/15
  2825 | D:4      | Reached skill level 7 in Unarmed Combat
  3195 | D:5      | Entered Level 5 of the Dungeon
  3203 | D:5      | Found a burning altar of Makhleb.
  3209 | D:5      | Became a worshipper of Makhleb the Destroyer
  3268 | D:5      | Found a transporter.
  3292 | D:5      | Found a transporter.
  3386 | D:5      | Found a staircase to the Ecumenical Temple.
  3734 | D:5      | Found an opulent altar of Gozag.
  3734 | D:5      | Found a shattered altar of Ashenzari.
  3912 | D:5      | Reached XP level 8. HP: 43/60 MP: 16/16
  3995 | D:6      | Reached * piety under Makhleb
  4858 | D:6      | Reached XP level 9. HP: 66/66 MP: 18/18
  5118 | D:7      | Reached skill level 5 in Transmutations
  5192 | D:7      | Reached ** piety under Makhleb
  5675 | D:7      | Found a hazy altar of Hepliaklqana.
  5675 | D:7      | Found a basalt altar of Yredelemnul.
  5676 | D:7      | Found an ornate altar of the Wu Jian Council.
  5676 | D:7      | Found a shimmering altar of Xom.
  5684 | D:7      | Found a radiant altar of Vehumet.
  5711 | D:7      | Found Cifecotim's Weapon Shoppe.
  5807 | D:7      | Reached skill level 5 in Fighting
  6163 | D:8      | Noticed Gastronok
  6217 | D:8      | Demolished by Gastronok

Skill      XL: |  1  2  3  4  5  6  7  8  9 |
---------------+----------------------------+-----
Spellcasting   | 5 6 |  6.7
Short Blades   | 1 2 3 4 |  4.3
Long Blades    | 1 2 3 4 |  4.3
Axes           | 1 2 3 4 |  4.3
Maces & Flails | 1 2 3 4 |  4.3
Polearms       | 1 2 3 4 |  4.3
Staves         | 1 2 3 4 |  4.3
Slings         | 1 2 3 4 |  4.3
Bows           | 1 2 3 4 |  4.3
Crossbows      | 1 2 3 4 |  4.3
Throwing       | 1 2 3 4 |  4.3
Armour         | 1 2 3 4 |  4.3
Stealth        | 1 2 3 4 |  4.3
Shields        | 1 2 3 4 |  4.3
Invocations    | 1 2 3 4 |  4.8
Evocations     | 1 2 3 4 |  4.3
Conjurations   | 1 2 3 |  3.6
Hexes          | 1 2 3 |  3.6
Charms         | 1 2 3 |  3.6
Summonings     | 1 2 3 |  3.6
Necromancy     | 1 2 3 |  3.6
Translocations | 1 2 3 |  3.6
Fire Magic     | 1 2 3 |  3.6
Ice Magic      | 1 2 3 |  3.6
Air Magic      | 1 2 3 |  3.6
Earth Magic    | 1 2 3 |  3.6
Poison Magic   | 1 2 3 |  3.6
Fighting       | 3 4 5 |  5.1
Transmutations | 4 5 |  5.3
Dodging        | 5 6 |  6.4
Unarmed Combat | 7 |  7.9

Action                   |  1- 3 |  4- 6 |  7- 9 || total
-------------------------+-------+-------+-------++-------
Melee: Unarmed           |    51 |   189 |   496 ||   736
       Headbutt          |     2 |     3 |    29 ||    34
       Bite              |     3 |    21 |    57 ||    81
       Kick              |     4 |    13 |    30 ||    47
       Punch             |     1 |     5 |    21 ||    27
 Cast: Beastly Appendage |    12 |     9 |    23 ||    44
  Use: Scroll            |       |       |     2 ||     2
 Stab: Sleeping          |     2 |     1 |     3 ||     6
       Distracted        |       |       |     1 ||     1
  Eat: Chunk             |       |     5 |    12 ||    17
Armor: Robe              |     4 |       |       ||     4
       Leather armour    |     1 |     9 |       ||    10
       Scale mail        |       |    11 |    39 ||    50
       Ring mail         |       |       |    88 ||    88
Dodge: Dodged            |    31 |   105 |   435 ||   571
